Map: 윈터스 게이트 - 래더

Players

IlIllIllIllI - Winner!

  • Race: Protoss Protoss
  • League: Grandmaster
  • Spawn Location: 5:00

lllllllllll

  • Race: Zerg Zerg
  • Spawn Location: 11:00

VOD

Have the link to the VOD?

Description

Time

  • Played on: Sept. 16, 2019, 2:03 a.m.
  • Length: 5:45
Show
View Real Time Build Order
Export as new Build Order

IlIllIllIllI Protoss - Winner!

Build Orders: 1 Gate Expand, Oracle Opening 

Get SALT Encoding   

  12  0:00  Probe  
  13  0:13  Probe  
  14  0:20  Pylon  
  14  0:25  Probe  
  15  0:38  Probe (Chrono Boost)  
  15  0:40  Gateway  
  16  0:47  Probe (Chrono Boost)  
  16  0:49  Assimilator  
  17  0:52  Probe (Chrono Boost)  
  18  1:04  Probe  
  19  1:17  Probe  
  20  1:27  Nexus  
  20  1:37  Cybernetics Core  
  20  1:40  Probe  
  20  1:45  Assimilator  
  21  1:53  Probe  
  22  2:02  Pylon x2  
  22  2:05  Probe  
  23  2:19  Adept (Chrono Boost)  
  23  2:21  Stargate  
  25  2:25  Probe  
  26  2:30  Warp Gate  
  26  2:37  Probe  
  27  2:39  Probe  
  27  2:42  Adept  
  30  2:49  Probe  
  31  2:52  Probe (Chrono Boost)  
  32  3:02  Oracle (Chrono Boost)  
  32  3:04  Probe (Chrono Boost)  
  37  3:07  Probe (Chrono Boost)  
  37  3:11  Probe (Chrono Boost)  
  38  3:15  Gateway, Probe (Chrono Boost)  
  41  3:23  Probe  
  42  3:29  Oracle (Chrono Boost)  
  43  3:35  Adept  
  45  3:51  Probe  
  45  3:52  Probe  
  45  3:55  Gateway  
  47  3:59  Twilight Council  
  47  4:06  Probe x2  
  49  4:10  Pylon  
  49  4:15  Gateway  
  49  4:16  Gateway  
  49  4:17  Pylon  
  49  4:18  Probe, Gateway, Pylon  
  49  4:21  Probe  
  51  4:35  Adept x2  
  51  4:37  Probe  
  52  4:40  Assimilator  
  52  4:43  Assimilator  
  52  4:47  Probe  
  52  4:49  Probe  
  52  4:51  Gateway  
  54  4:59  Adept x3  
  60  5:07  Probe x2  
  60  5:10  Pylon  
  60  5:11  Pylon  
  62  5:14  Adept x2  
  62  5:15  Adept  
  68  5:22  Adept x3  
  74  5:35  Adept x3  
Show
View Real Time Build Order
Export as new Build Order

lllllllllll Zerg 

Build Orders: Hatch First 

Get SALT Encoding   

  12  0:01  Drone  
  13  0:14  Overlord  
  13  0:22  Drone  
  14  0:33  Drone x2  
  16  0:51  Hatchery  
  16  0:55  Drone  
  16  0:57  Drone  
  17  1:00  Drone  
  18  1:09  Extractor  
  17  1:16  Spawning Pool  
  16  1:19  Drone  
  16  1:23  Drone  
  18  1:30  Drone  
  19  1:40  Drone  
  20  1:51  Drone  
  21  2:03  Zergling x4  
  21  2:04  Queen  
  21  2:05  Queen  
  27  2:12  Overlord  
  27  2:18  Metabolic Boost  
  27  2:23  Drone  
  28  2:33  Drone x2  
  30  2:43  Hatchery  
  29  2:49  Drone x4  
  32  2:58  Queen  
  34  3:01  Overlord  
  34  3:06  Drone  
  35  3:21  Drone x8  
  42  3:41  Queen  
  42  3:46  Drone x3  
  42  3:47  Overlord x2  
  43  3:59  Zergling x6  
  46  4:07  Queen  
  46  4:08  Zergling x4  
  50  4:13  Overlord  
  50  4:15  Drone x5  
  51  4:35  Drone x7  
  51  4:37  Spore Crawler  
  54  5:03  Spore Crawler  
  54  5:04  Drone x12  
  65  5:08  Extractor x2  
  63  5:21  Spore Crawler  
  63  5:22  Roach Warren  
  63  5:24  Drone x7  
  68  5:28  Extractor  
  68  5:29  Drone x6  
  73  5:40  Evolution Chamber  
Tags
 
Add a new tag
Caveats
  • Supply blocks, unpowered buildings, or Contaminate may cause inaccurate times.
  • Supply counts are checked every 10 seconds.